 Dungeon Crawl Stone Soup version 0.31-a0-187-gba352fbbf7 (webtiles) character file.

Game seed: 9095833775858774956

78 qw the Shooter (level 4, 0/25 HPs)
             Began as a Deep Elf Hunter on June 22, 2023.
             Succumbed to a scorpion's poison
             ... on level 3 of the Dungeon.
             The game lasted 00:00:41 (1442 turns).

qw the Shooter (Deep Elf Hunter)                    Turns: 1442, Time: 00:00:41

Health: 0/25       AC:  4    Str:  9 (10) XL:     4   Next: 15%
Magic:  6/6        EV: 12    Int: 13 (14) God:
Gold:   97         SH:  0    Dex: 18      Spells: 3/3 levels left

rFire   . . .        Y - +2 shortbow
rCold   . . .        (shield currently unavailable)
rNeg    . . .        c - +0 leather armour
rPois   .            (no helmet)
rElec   .            (no cloak)
rCorr   .            b - +0 pair of gloves
SInv    .            (no boots)
Will    .....        (no amulet)
Stlth   ++           k - ring of protection from fire
HPRegen 0.24/turn    (no ring)
MPRegen 0.10/turn

%: no passive effects
@: lethally poisoned (0 -> -24)
A: deterioration 1, heat vulnerability 1
a: no special abilities


You were on level 3 of the Dungeon.
You visited 1 branch of the dungeon, and saw 3 of its levels.

You collected 97 gold pieces.


Innate Abilities, Weirdness & Mutations

Your body sometimes deteriorates upon taking damage.
You are vulnerable to heat. (rF-)


   Skills:
 - Level 1.5 Fighting
 + Level 7.6 Ranged Weapons
 - Level 2.4 Dodging
 - Level 1.2 Stealth


You had 3 spell levels left.
You didn't know any spells.
Your spell library was empty.

Inventory:

Hand Weapons
 Y - a +2 shortbow (weapon)
Armour
 a - a +0 scale mail
 b - a +0 pair of gloves (worn)
 c - a +0 leather armour (worn)
Jewellery
 j - a ring of fire
 k - a ring of protection from fire (left hand)
Scrolls
 e - a scroll of identify
Potions
 d - a potion of haste
 f - a potion of cancellation {unknown}
 h - a potion of mutation
 i - a potion of brilliance {unknown}

Dungeon Overview and Level Annotations

Branches:
Dungeon (3/15)

Altars:
Ashenzari
Cheibriados
Fedhas
Makhleb
Nemelex Xobeh
Qazlal
Ru
Sif Muna
Trog
Wu Jian
Xom

Shops:
D:1 [


Message History

You shoot an arrow. The arrow hits the scorpion.
The scorpion is moderately wounded.
You shoot an arrow.
The arrow hits the scorpion but does no damage.
The scorpion is moderately wounded.
You shoot an arrow.
The arrow hits the scorpion but does no damage.
The scorpion is moderately wounded.
You shoot an arrow. The arrow hits the scorpion.
The scorpion is moderately wounded.
You shoot an arrow.
The arrow hits the scorpion but does no damage.
The scorpion is moderately wounded.
You shoot an arrow. The arrow hits the scorpion.
The scorpion is heavily wounded.
You shoot an arrow.
The arrow hits the scorpion but does no damage.
The scorpion is heavily wounded.
You shoot an arrow. The arrow hits the scorpion.
The scorpion is severely wounded.
You shoot an arrow. The arrow closely misses the scorpion.
You shoot an arrow. The arrow closely misses the scorpion.
The scorpion stings you.
You are poisoned.
The scorpion poisons you!
You shoot an arrow. The arrow barely misses the scorpion.
You feel sick.
The scorpion stings you but does no damage.
You shoot an arrow. The arrow hits the scorpion.
The scorpion is almost dead.
You feel sick. The scorpion stings you.
You are more poisoned.
The scorpion poisons you!
You shoot an arrow. The arrow barely misses the scorpion.
Your body deteriorates!
You feel weakened.
You feel very sick. The scorpion stings you. The scorpion stings you!
You are more poisoned.
The scorpion poisons you!
You shoot an arrow. The arrow closely misses the scorpion.
You die...

...###########.#.#
...### #.....#.#
#....### #.###.#.#
#.##...# #.###...###
#.##.#.# #.#.......#
#.##.#.###.#...8...#
...........#._..._.#
.....#.###.#..._...#
#.#....# #.#._..@_.#
#......# #.#..._s..#
###.##.. #.#%_..._.#
#. #.. #.#..._...# #
#.. ..#._..._.#
#.###.#...8...#
#.......# ###...###


You could see a scorpion.

Vanquished Creatures
  A gnoll (D:1)
  An adder (D:2)
  2 dart slugs
  2 ball pythons
  6 bats
  3 endoplasms
  2 giant cockroaches (D:2)
  3 hobgoblins
  4 jackals (D:1)
  7 kobolds
  2 quokkas (D:2)
  6 frilled lizards
  7 goblins
  10 rats
56 creatures vanquished.

Notes
Turn   | Place    | Note
-------+----------+-------------------------------------------
     0 | D:1      | qw the Deep Elf Hunter began the quest for the Orb.
     0 | D:1      | Reached XP level 1. HP: 12/12 MP: 3/3
     0 | D:1      | 0 ||| qw: Version: 0.3-a-9-g12657ce
     0 | D:1      | 0 ||| qw: Game counter: 2127
     0 | D:1      | 0 ||| qw: Always use a shield: true
     0 | D:1      | 0 ||| qw: God list: Okawaru
     0 | D:1      | 0 ||| qw: Allow faded altars: false
     0 | D:1      | 0 ||| qw: Do Orc after D:15 true
     0 | D:1      | 0 ||| qw: Do second Lair branch before Depths: true
     0 | D:1      | 0 ||| qw: Lair rune preference: random
     0 | D:1      | 0 ||| qw: Plans: Normal
     0 | D:1      | 0 ||| PLANNING D:1-11
    42 | D:1      | Found Kiunuecw's Antique Armour Emporium.
    59 | D:1      | 59 ||| SHOPLISTING helmet (103 gold, have 0).
    59 | D:1      | 59 ||| SHOPLISTING scale mail (92 gold, have 0).
    64 | D:1      | Reached XP level 2. HP: 16/16 MP: 4/4
   128 | D:1      | Reached skill level 6 in Ranged Weapons
   151 | D:1      | Found a faded altar of an unknown god.
   305 | D:1      | Reached XP level 3. HP: 20/20 MP: 5/5
   801 | D:1      | 801 ||| UPGRADING to ring of protection from fire.
   802 | D:1      | 802 ||| READING 2 scrolls labelled LAISUDGHO TUIN.
   803 | D:1      | 803 ||| READING scroll of enchant weapon.
   803 | D:1      | 803 ||| ENCHANTING +1 shortbow.
   804 | D:1      | 804 ||| READING scroll labelled VERETA HYRCH.
   805 | D:1      | 805 ||| READING scroll labelled RAMUABLOUNK.
   809 | D:1      | 809 ||| DRINKING 2 cyan potions.
   809 | D:1      | Gained mutation: Your body sometimes deteriorates upon
                  | taking damage. [potion of mutation]
   809 | D:1      | Gained mutation: You are vulnerable to heat. (rF-) [potion
                  | of mutation]
   810 | D:1      | 810 ||| DROPPING scroll of butterflies.
   914 | D:2      | Reached skill level 7 in Ranged Weapons
  1132 | D:2      | Reached XP level 4. HP: 23/25 MP: 6/6
  1142 | D:2      | Found a burning altar of Makhleb.
  1292 | D:2      | 1292 ||| UPGRADING to +0 pair of gloves.
  1297 | D:2      | 1297 ||| READING scroll labelled RONILO QUEDAT.
  1298 | D:2      | 1298 ||| DRINKING 2 brown potions.
  1299 | D:2      | 1299 ||| DRINKING 2 fizzy golden potions.
  1300 | D:2      | 1300 ||| DROPPING potion of magic.
  1394 | D:3      | Found a blossoming altar of Fedhas.
  1394 | D:3      | Found a burning altar of Makhleb.
  1394 | D:3      | Found an ornate altar of the Wu Jian Council.
  1395 | D:3      | Found a sacrificial altar of Ru.
  1395 | D:3      | Found a snail-covered altar of Cheibriados.
  1420 | D:3      | Found a broken altar of Ashenzari.
  1422 | D:3      | Found a shimmering blue altar of Sif Muna.
  1422 | D:3      | Found a stormy altar of Qazlal.
  1424 | D:3      | Found a bloodstained altar of Trog.
  1425 | D:3      | Found a shimmering altar of Xom.
  1425 | D:3      | Found a sparkling altar of Nemelex Xobeh.
  1428 | D:3      | Noticed a scorpion
  1441 | D:3      | HP: 5/25 [scorpion (7)]
  1442 | D:3      | Succumbed to a scorpion's poison

Levels and vault maps discovered:
D:1:      dpeg_arrival_prison, layout_loops_ring, serial_shops, shop,
          shapermc_ecumenical_altar_mp_highgroup
D:2:      layout_rooms, basic_altar
D:3:      layout_basic, nicolae_overflows_in_rows, solitary_fountain

Skill      XL: |  1  2  3 |
---------------+----------+-----
Ranged Weapons | 6 7 |  7.6
Fighting       | |  1.5
Dodging        | |  2.4
Stealth        | |  1.2

Action                     |  1- 3 |  4- 6 || total
---------------------------+-------+-------++-------
   Fire: Shortbow          |   111 |    31 ||   142
    Use: Scroll            |     4 |     1 ||     5
         Potion            |     1 |     2 ||     3
 Armour: Leather armour    |     4 |     1 ||     5
  Dodge: Dodged            |     7 |     3 ||    10

Table legend:
 A = Non-vault XP
 B = Vault XP
 C = Vault XP percentage of total XP
 D = Non-vault monster count
 E = Vault monster count
 F = Vault count percentage of total count
                 A         B        C        D         E       F
            +---------+---------+-------+---------+---------+-------
      Total |     111 |       1 |   0.9 |      55 |       1 |   1.8
            +---------+---------+-------+---------+---------+-------
        D:1 |      53 |       1 |   1.9 |      25 |       1 |   3.8
        D:2 |      52 |       0 |   0.0 |      26 |       0 |   0.0
        D:3 |       6 |       0 |   0.0 |       4 |       0 |   0.0
            +---------+---------+-------+---------+---------+-------
